Map: Last Fantasy LE

Players

herO

  • Race: Protoss Protoss
  • Spawn Location: 3:00

Reynor - Winner!

  • Race: Zerg Zerg
  • Spawn Location: 12:00

Event: DreamHack Dallas 2025

VOD

Have the link to the VOD?

Description

Time

  • Played on: May 24, 2025, 12:18 p.m.
  • Length: 13:21

All games in this series

Show
View Real Time Build Order
Export as new Build Order

herO Protoss 

Build Orders: 1 Gate Expand, Oracle Opening 

Get SALT Encoding   

  12  0:00  Probe  
  13  0:13  Pylon, Probe  
  14  0:21  Probe  
  15  0:31  Probe  
  16  0:41  Gateway  
  16  0:43  Probe  
  16  0:49  Assimilator  
  17  0:55  Probe  
  18  1:07  Probe  
  19  1:19  Probe  
  20  1:29  Nexus  
  20  1:37  Cybernetics Core  
  20  1:39  Probe  
  21  1:45  Assimilator  
  21  1:51  Probe  
  22  1:55  Pylon  
  22  2:03  Probe  
  22  2:05  Adept  
  23  2:15  Probe  
  26  2:19  Stargate  
  26  2:25  Warp Gate  
  26  2:27  Probe  
  27  2:35  Adept  
  27  2:36  Probe  
  29  2:39  Probe  
  31  2:45  Probe  
  32  2:51  Probe  
  32  2:52  Oracle  
  32  2:55  Probe  
  34  3:03  Probe  
  38  3:07  Probe  
  39  3:16  Pylon, Probe  
  39  3:19  Probe  
  41  3:20  Oracle  
  41  3:28  Probe  
  41  3:31  Probe  
  46  3:41  Nexus  
  44  3:43  Pylon  
  44  3:47  Probe x2  
  46  3:52  Pylon  
  46  3:58  Twilight Council  
  46  4:01  Probe x2  
  48  4:04  Assimilator  
  48  4:05  Blink  
  48  4:13  Probe x2  
  48  4:15  Gateway  
  50  4:19  Gateway  
  50  4:22  Gateway  
  50  4:27  Probe x2, Assimilator  
  52  4:33  Stalker  
  54  4:39  Probe  
  54  4:45  Oracle  
  58  4:49  Probe  
  58  4:51  Probe  
  58  4:52  Probe  
  61  4:53  Shield Battery  
  61  4:56  Stalker  
  63  5:00  Probe  
  63  5:01  Probe  
  63  5:03  Probe  
  66  5:08  Probe  
  66  5:09  Pylon  
  66  5:13  Probe  
  68  5:15  Probe, Stalker  
  68  5:16  Stalker  
  68  5:19  Probe  
  74  5:25  Probe, Stalker  
  74  5:27  Probe  
  78  5:31  Probe  
  78  5:33  Gateway  
  79  5:37  Probe  
  79  5:39  Pylon  
  79  5:42  Stalker x3  
  84  5:44  Pylon  
  86  5:51  Gateway, Probe x3  
  89  6:01  Gateway  
  89  6:02  Stalker  
  91  6:11  Stalker x3  
  87  6:17  Pylon  
  83  6:25  Gateway  
  83  6:26  Gateway  
  83  6:27  Forge  
  83  6:28  Probe x3, Stalker  
  88  6:32  Stalker  
  88  6:34  Stalker x3  
  96  6:43  Charge  
  96  6:54  Stalker  
  96  6:55  Stalker x2  
  96  7:00  Stalker  
  104  7:04  Nexus  
  104  7:05  Pylon  
  104  7:08  Protoss Ground Weapons Level 1, Zealot  
  97  7:09  Zealot  
  97  7:10  Probe x2  
  97  7:11  Probe  
  93  7:22  Probe  
  93  7:23  Probe x2, Stalker x3  
  93  7:28  Zealot  
  93  7:29  Zealot  
  102  7:30  Zealot  
  102  7:34  Probe  
  102  7:35  Probe  
  102  7:36  Probe  
  107  7:47  Probe x2  
  109  7:52  Pylon x3  
  109  8:03  Nexus  
  109  8:04  Oracle  
  109  8:06  Pylon  
  109  8:10  Probe x2  
  109  8:12  Stalker  
  116  8:16  Stalker x2  
  116  8:18  Pylon  
  116  8:19  Probe  
  121  8:22  Probe x2  
  123  8:27  Photon Cannon  
  123  8:30  Oracle  
  123  8:32  Probe  
  124  8:34  Probe  
  124  8:36  Pylon  
  128  8:42  Zealot x2  
  128  8:47  Stalker x5  
  139  8:53  Probe x2  
  142  8:56  Pylon x2  
  142  8:59  Shield Battery  
  141  9:05  Zealot x4  
  149  9:16  Oracle  
  133  9:17  Zealot x3  
  133  9:18  Protoss Ground Weapons Level 2, Zealot x2  
  124  9:25  Zealot x2  
  120  9:33  Stalker  
  120  9:35  Zealot  
  116  9:47  Oracle  
  116  9:52  Gateway  
  116  9:54  Stalker x3  
  120  10:11  Stalker x5  
  120  10:13  Probe x4  
  134  10:15  Oracle  
  134  10:18  Assimilator  
  134  10:19  Assimilator  
  134  10:25  Probe x3  
  140  10:34  Zealot x3  
  144  10:36  Pylon  
  144  10:40  Probe x4, Assimilator  
  144  10:41  Assimilator  
  148  10:42  Oracle  
  148  10:45  Templar Archives  
  146  10:52  Probe  
  146  11:00  Probe x3  
  149  11:05  Zealot x6  
  161  11:12  Pylon  
  161  11:14  Zealot x3  
  167  11:24  Pylon  
  167  11:25  Pylon  
  167  11:27  Forge  
  167  11:29  Pylon  
  167  11:37  High Templar x5  
  177  11:40  Archon  
  177  11:41  Archon  
  177  11:43  Nexus, Zealot x4  
  177  11:46  Probe x3  
  187  11:48  Probe  
  187  11:51  Pylon  
  188  12:07  High Templar, Zealot x3  
  168  12:11  Stalker x4  
  123  12:28  Stalker  
  121  12:30  Stalker x3  
  121  12:35  Stalker x4  
  109  12:56  Probe x4  
  84  13:02  High Templar x5  
  84  13:03  Zealot x4  
  102  13:06  Probe  
  102  13:08  Probe x3, Archon x2  
Show
View Real Time Build Order
Export as new Build Order

Reynor Zerg - Winner!

Build Orders: Hatch First 

Get SALT Encoding   

  12  0:00  Drone  
  13  0:07  Drone  
  14  0:14  Extractor  
  14  0:15  Drone  
  15  0:22  Overlord  
  15  0:41  Drone  
  16  0:46  Hatchery  
  15  0:51  Drone  
  15  0:54  Drone  
  17  0:58  Drone  
  18  1:08  Extractor  
  17  1:13  Spawning Pool  
  17  1:17  Drone  
  17  1:20  Drone  
  18  1:27  Drone  
  19  1:37  Drone  
  20  1:48  Drone  
  21  1:59  Drone, Queen  
  21  2:00  Queen  
  26  2:01  Zergling x2  
  27  2:09  Overlord  
  27  2:13  Metabolic Boost  
  27  2:18  Drone  
  28  2:29  Drone x2  
  30  2:33  Zergling x2  
  30  2:36  Drone  
  32  2:38  Queen  
  34  2:51  Hatchery  
  33  2:54  Overlord  
  33  2:58  Drone  
  34  2:59  Drone  
  34  3:02  Drone  
  36  3:09  Overlord  
  35  3:13  Drone x3  
  35  3:15  Drone  
  35  3:17  Drone  
  40  3:20  Overlord  
  40  3:24  Spore Crawler  
  40  3:25  Drone  
  40  3:28  Drone  
  40  3:29  Drone  
  40  3:31  Zergling x2  
  40  3:33  Zergling x2  
  44  3:39  Queen  
  46  3:41  Drone  
  46  3:46  Drone x2  
  46  3:47  Drone  
  50  3:52  Overlord  
  50  3:53  Drone  
  51  3:59  Drone x3  
  54  4:03  Zergling x4  
  54  4:08  Queen  
  59  4:10  Drone  
  59  4:15  Drone  
  59  4:16  Drone x3  
  63  4:20  Spore Crawler  
  63  4:22  Drone  
  63  4:23  Evolution Chamber  
  62  4:25  Drone  
  62  4:27  Spore Crawler  
  62  4:28  Drone  
  62  4:31  Overlord  
  63  4:33  Zergling x4  
  65  4:40  Zergling x6, Spore Crawler  
  65  4:42  Spore Crawler  
  65  4:43  Drone  
  65  4:45  Drone  
  68  4:52  Zergling x6  
  73  4:53  Zerg Melee Weapons Level 1  
  73  4:55  Roach Warren, Overlord  
  73  4:57  Drone x2  
  73  4:58  Drone  
  75  5:02  Overlord  
  75  5:03  Drone x2  
  75  5:06  Drone x2  
  78  5:13  Hatchery  
  77  5:15  Drone  
  77  5:16  Drone  
  77  5:21  Drone x2, Lair  
  79  5:23  Drone x2  
  79  5:25  Overlord  
  79  5:27  Drone  
  84  5:30  Drone x3  
  84  5:32  Drone  
  88  5:35  Zergling x2  
  88  5:36  Zergling x4  
  88  5:39  Overlord, Extractor  
  88  5:42  Zergling x4  
  92  5:45  Zergling x6  
  92  5:48  Zergling x2  
  92  5:49  Queen  
  95  5:51  Extractor  
  95  5:55  Zergling x4  
  98  5:57  Overlord  
  98  6:03  Zergling x4  
  99  6:07  Queen  
  99  6:10  Zergling x2  
  99  6:11  Zergling x6, Hatchery  
  94  6:13  Zergling x2  
  94  6:14  Zergling x2  
  94  6:15  Zergling x6  
  94  6:19  Zergling x2  
  94  6:20  Spine Crawler  
  94  6:22  Queen  
  94  6:24  Zergling x2  
  94  6:26  Zergling x4  
  94  6:29  Queen  
  94  6:30  Roach  
  100  6:34  Roach  
  100  6:37  Roach x2  
  100  6:39  Spine Crawler, Roach  
  105  6:40  Overlord, Spine Crawler  
  105  6:46  Roach  
  106  6:48  Queen, Roach x2  
  106  6:51  Zergling x2  
  113  6:54  Ravager x2  
  113  6:55  Zergling x8  
  113  6:59  Roach x2  
  113  7:00  Overlord  
  122  7:05  Zergling x8  
  126  7:09  Zergling x2  
  126  7:14  Zergling x2  
  126  7:15  Zerg Melee Weapons Level 2  
  123  7:17  Baneling Nest, Queen  
  123  7:18  Zergling x4  
  123  7:20  Zergling x6  
  123  7:22  Zergling x4  
  126  7:29  Zergling x4  
  125  7:31  Zergling x2  
  125  7:33  Zergling x2  
  125  7:38  Zergling x6  
  125  7:40  Roach Warren  
  125  7:42  Zergling x4  
  129  7:45  Zergling x12  
  129  7:46  Zergling x2  
  129  7:51  Zergling x6  
  138  7:59  Zergling x4  
  138  8:01  Centrifugal Hooks  
  138  8:02  Zergling x2  
  138  8:03  Zergling x4  
  140  8:06  Overlord x2  
  140  8:10  Drone  
  140  8:11  Overlord  
  141  8:14  Overlord  
  141  8:24  Drone x2, Glial Reconstitution  
  141  8:25  Drone x7  
  141  8:26  Drone x4  
  150  8:31  Ravager  
  150  8:32  Ravager x5  
  155  8:36  Zergling x12  
  155  8:37  Zergling x4  
  155  8:41  Zergling x6  
  162  8:44  Zergling x6  
  161  8:48  Zergling x8  
  161  8:50  Overlord  
  161  8:54  Spore Crawler  
  161  8:55  Zergling x4  
  165  8:59  Ravager x2  
  165  9:01  Zergling x10  
  171  9:03  Overlord  
  171  9:05  Baneling x5  
  171  9:06  Baneling  
  171  9:13  Zergling x6  
  171  9:14  Zergling x12  
  163  9:21  Zergling x16  
  158  9:25  Zergling x8  
  158  9:27  Zergling x4  
  158  9:30  Zergling x6  
  157  9:35  Zerg Ground Armor Level 1  
  157  9:36  Zergling x10  
  157  9:45  Zergling x14  
  161  9:52  Zergling x2  
  161  9:53  Zergling x6  
  161  9:58  Zergling x6  
  167  10:02  Zergling x2, Roach x2  
  167  10:03  Zergling x2, Roach  
  167  10:05  Zergling x6, Roach x2  
  181  10:08  Zergling x4  
  181  10:11  Hatchery  
  181  10:13  Hydralisk Den  
  173  10:16  Drone x2  
  173  10:19  Extractor  
  174  10:23  Drone x5  
  177  10:29  Zergling x8  
  180  10:36  Zergling x14  
  180  10:38  Baneling x5  
  180  10:39  Zergling x8  
  190  10:43  Muscular Augments  
  190  10:45  Overlord  
  190  10:47  Zergling x2  
  190  10:48  Baneling x3  
  189  10:57  Hydralisk  
  188  10:58  Overlord  
  190  11:04  Hydralisk x2, Infestation Pit  
  190  11:05  Hydralisk  
  190  11:08  Baneling x2  
  194  11:13  Drone x3  
  194  11:15  Extractor  
  194  11:17  Extractor  
  195  11:19  Hydralisk x2  
  195  11:24  Extractor  
  195  11:25  Extractor  
  197  11:31  Zergling x8  
  200  11:36  Spine Crawler  
  200  11:37  Spine Crawler, Extractor  
  200  11:39  Zergling x8  
  200  11:42  Hive  
  200  11:55  Lurker Den  
  199  12:01  Zergling x2  
  189  12:12  Zergling x10  
  189  12:13  Zergling x36  
  189  12:15  Hydralisk x2, Zergling x6  
  194  12:16  Zergling x10  
  194  12:17  Hydralisk  
  194  12:18  Zergling x2  
  186  12:23  Zergling x4  
  186  12:24  Zergling x6  
  186  12:27  Zergling x10  
  186  12:29  Baneling  
  193  12:30  Baneling x7  
  193  12:33  Zergling x6  
  192  12:37  Zergling x6  
  192  12:41  Hydralisk x2  
  192  12:42  Zergling x4, Hydralisk  
  192  12:43  Hydralisk  
  197  12:45  Hydralisk x2  
  197  12:49  Hydralisk x3  
  183  12:55  Hydralisk x2  
  183  12:56  Hydralisk  
Tags
 
Add a new tag
Caveats
  • Supply blocks, unpowered buildings, or Contaminate may cause inaccurate times.
  • Supply counts are checked every 10 seconds.